 Dungeon Crawl Stone Soup version 0.31-a0-1591-g515db51633 (webtiles) character file.

Game seed: 5150837856466699311

2 Gargoyl the Trooper (level 1, 0/14 HPs)
             Began as a Gargoyle Berserker on Jan 6, 2024.
             Was a Follower of Trog.
             Constricted to death by a ball python (1 damage)
             ... on level 1 of the Dungeon.
             The game lasted 00:00:07 (76 turns).

Gargoyl the Trooper (Gargoyle Berserker)              Turns: 76, Time: 00:00:08

Health: 0/14       AC:  4    Str: 20    XL:     1   Next: 30%
Magic:  1/1        EV:  8    Int:  7    God:    Trog [*.....]
Gold:   0          SH:  0    Dex:  9    Spells: 0/0 levels left

rFire   . . .        a - +0 hand axe
rCold   . . .        (no shield)
rNeg    + . .        b - +0 animal skin
rPois   ∞            (no helmet)
rElec   +            (no cloak)
rCorr   .            (no gloves)
SInv    .            (no boots)
Will    .....        (no amulet)
Stlth   +            (no ring)
HPRegen 0.22/turn    (no ring)
MPRegen 0.07/turn

%: no passive effects
@: constricted
A: sickness immunity, AC +2, negative energy resistance 1, electricity
resistance, torment resistance 1, petrification resistance
a: Renounce Religion, Berserk


You were on level 1 of the Dungeon.
You worshipped Trog.
Trog was aware of your devotion.
You visited 1 branch of the dungeon, and saw 1 of its levels.

Inventory:

Hand Weapons
 a - a +0 hand axe (weapon)
Armour
 b - a +0 animal skin (worn)
Scrolls
 c - a scroll of identify {unknown}


   Skills:
 + Level 3.3 Fighting
 + Level 2.7 Axes
 + Level 2.2 Armour
 + Level 1.5 Dodging


You couldn't memorise any spells.
You didn't know any spells.
Your spell library was empty.

Dungeon Overview and Level Annotations

Branches:
Dungeon (1/15)

Altars:


Innate Abilities, Weirdness & Mutations

You are immune to sickness and miasma.
Your stone body is resilient. (AC +2)
You are immune to poison.
You resist negative energy. (rN+)
You are resistant to electric shocks. (rElec)
You are resistant to unholy torment.
You are immune to petrification.


Message History

The jackal bites you but does no damage.
The jackal bites you. The bat hits you but does no damage.
The ball python closely misses you. The ball python constricts you.
The hobgoblin hits you but does no damage.
The jackal barely misses you. The jackal closely misses you.
The ball python closely misses you. The ball python constricts you.
Unknown command.
The bat barely misses you.
The jackal bites you but does no damage.
The jackal barely misses you.
The hobgoblin hits you but does no damage.
The ball python bites you.
* * * LOW HITPOINT WARNING * * *
The ball python constricts you.
The jackal bites you but does no damage.
The bat barely misses you. The jackal bites you.
* * * LOW HITPOINT WARNING * * *
The hobgoblin barely misses you. The jackal barely misses you.
The ball python bites you but does no damage.
The ball python constricts you.
The jackal bites you but does no damage.
The bat hits you but does no damage. The hobgoblin barely misses you.
The jackal bites you.
* * * LOW HITPOINT WARNING * * *
The jackal bites you but does no damage.
The ball python barely misses you. The ball python constricts you.
The bat hits you but does no damage.
Unknown command.
The bat hits you but does no damage.
The jackal bites you but does no damage. x2
The hobgoblin hits you but does no damage.
The ball python barely misses you. The ball python constricts you.
The jackal closely misses you. The jackal bites you.
* * * LOW HITPOINT WARNING * * *
Unknown command.
The bat hits you but does no damage. The ball python bites you.
* * * LOW HITPOINT WARNING * * *
The ball python constricts you.
You die...

#### ######
#.....#####
.g###....####†#####
...g.(.......#
###....######
###.........#
..#...##.####....
......##.# ..
.###(bgh####..
#..@h......
.......S.####..
#........[.
#.##....>.... .
.............
..###...###... ##.
#.... ... # #...#
..


You could see 2 jackals, a hobgoblin, a bat and a ball python.

Vanquished Creatures
  A hobgoblin (D:1)
  A rat (D:1)
2 creatures vanquished.

Notes
Turn   | Place    | Note
-------+----------+-------------------------------------------
     0 | D:1      | Gargoyl the Gargoyle Berserker began the quest for the Orb.
     0 | D:1      | Reached XP level 1. HP: 14/14 MP: 1/1
    76 | D:1      | Constricted to death by a ball python

Illustrated notes

Levels and vault maps discovered:
D:1:      wheals_arrival_linesprint, layout_rooms, minmay_door_square

Action                     || total
---------------------------++-------
  Melee: Hand axe          ||     5
 Armour: Animal skin       ||    40
  Dodge: Dodged            ||    34

Table legend: (Time is in decaauts)
 A = Elapsed time spent in this place.
 B = Non-inter-level travel time spent in this place.
 C = Inter-level travel time spent in this place.
 D = Time resting spent in this place.
 E = Time spent auto-exploring this place.
 F = Levels seen in this place.
 G = Mean time per level.
                   A        B        C        D        E       F      G
               +--------+--------+--------+--------+--------+-----+--------+
         Total |     76 |     76 |      0 |      0 |     47 |   1 |   76.0 |
       Dungeon |     76 |     76 |      0 |      0 |     47 |   1 |   76.0 |
               +--------+--------+--------+--------+--------+-----+--------+

Top non-repeatable levels by time:
     D:1: 76 daAuts
